 Dungeon Sprint DCSS version 0.17-a0-1850-g688e747 (webtiles) character file.

3471 Kidiri the Protected (level 9, -9/127 HPs)
             Began as a Minotaur Fighter on Sept 19, 2015.
             Was a High Priest of Trog.
             Mangled by a shadow wraith (18 damage)
             ... in the Dungeon (Sprint VII: "The Pits").
             The game lasted 00:08:54 (1194 turns).

Kidiri the Protected (Minotaur Fighter)             Turns: 1194, Time: 00:08:54

Health: -9/127     AC: 17    Str: 29    XL:     9   Next: 79%
Magic:  2/2        EV: 13    Int:  8    God:    Trog [*****.]
Gold:   0          SH: 14    Dex: 13    Spells: 0 memorised, 8 levels left

rFire  . . .     SeeInvis .     A - +4 morningstar (antimagic)
rCold  . . .     Clarity  .     t - +3 chain mail
rNeg   . . .     SustAt   .     c - +0 shield
rPois  .         Gourm    .     (helmet restricted)
rElec  .         Spirit   .     (no cloak)
rCorr  .         Warding  .     y - +0 pair of gloves
rMut   .         NoTele   +     (no boots)
MR     ++...                    (no amulet)
Stlth  ..........               w - +3 ring of intelligence
                                v - +3 ring of dexterity

@: berserking, regenerating, slowed, very resistant to hostile enchantments,
extremely unstealthy
A: retaliatory headbutt, horns 2
a: Burn Spellbooks, Berserk, Trog's Hand, Brothers in Arms, Renounce Religion


You were in the Dungeon.
You worshipped Trog.
Trog was extremely pleased with you.
You were not hungry.

You visited 1 branch

Inventory:

Hand weapons
 r - a +0 giant club
 s - a +1 mace of crushing
 u - a +0 short sword of speed
 A - a +4 antimagic morningstar (weapon)
Missiles
 b - 7 javelins of penetration (quivered)
Armour
 c - a +0 shield (worn)
 t - a +3 chain mail (worn)
 y - a +0 pair of gloves (worn)
 z - a +0 robe
Jewellery
 v - a +3 ring of dexterity (left hand)
 w - a +3 ring of intelligence (right hand)
Magical devices
 p - a wand of confusion (26)
Scrolls
 k - a scroll of blinking
 o - 3 scrolls of remove curse
 q - a scroll of summoning
Potions
 d - 4 potions of might
 f - 6 potions of curing
 g - 8 potions of heal wounds
 h - a potion of haste
 i - 4 potions of magic
 j - 4 potions of berserk rage
 n - 2 potions of invisibility
 x - 3 potions of resistance
Comestibles
 a - 18 chunks of flesh
 e - 7 bread rations
 l - 40 fruits
 m - 7 meat rations


   Skills:
 + Level 10.2 Fighting
 * Level 13.5 Maces & Flails
 * Level 13.8 Armour
 + Level 8.9 Dodging
 * Level 13.6 Shields


You had 8 spell levels left.
You didn't know any spells.

Dungeon Overview and Level Annotations

Branches:
Dungeon (1/1)

Altars:
Ashenzari
Cheibriados
Dithmenos
Elyvilon
Fedhas
Gozag
Kikubaaqudgha
Makhleb
Nemelex Xobeh
Okawaru
Qazlal
Ru
Sif Muna
Trog
Vehumet
Xom
Yredelemnul
Zin
The Shining One
Beogh
Jiyva
Lugonu


Innate Abilities, Weirdness & Mutations

You reflexively headbutt those who attack you in melee.
You have a pair of horns on your head.


Message History

You hit something but do no damage. Your headbutt misses something.
Something hits you but does no damage.
You barely miss something. Something hits you!
* * * LOW HITPOINT WARNING * * *
Your chain mail prevents you from hitting something.
Something hits you.
* * * LOW HITPOINT WARNING * * *
Something hits you but does no damage.
Unknown command.
Use which ability?
A red film seems to cover your vision as you go berserk!
You feel yourself moving faster!
You feel mighty!
You feel somewhat more hungry.
You feel yourself speed up. Something hits you!!
* * * LOW HITPOINT WARNING * * *
Something drains your vigour!
You feel yourself slow down.
* * * LOW HITPOINT WARNING * * *
You puncture something! Something hits you!!
You die...

+#####......#..#......#
.#[[##................#
.#))#####+#####''######
.#))##.......##''##### ##
##))##.......##......+..+
.#..##.......##......+..+
.#+###...<...##.....##..##
....##.......##...###....##
....##.......##.@##........
######.......##{'#...#..#..
)#..###########O...........
.#.############++#...#..#..
.#.#....#.)[[##..##........
.#+#....#..[[##...###....##
.#.+%...+..))##.....##..##
.#+#....#..))###.....+..+
.+.#....#..))# ###...+ .+


You could see a friendly ogre (berserk).

Vanquished Creatures
  A hill giant (D)
  A griffon (D)
  A jumping spider (D)
  A polar bear (D)
  A blink frog (D)
  A flying skull (D)
  A spriggan (D)
  An orc warrior (D)
  A sky beast (D)
  Blork the orc (D)
  A brain worm (D)
  An iron imp (D)
  A hound (D)
  A gnoll (D)
  3 river rats (D)
  2 white imps (D)
  An ooze (D)
  A bat (D)
  A giant cockroach (D)
  2 hobgoblins (D)
  A quokka (D)
  A giant gecko (D)
  A giant gecko skeleton (D)
  A giant newt (D)
28 creatures vanquished.

Vanquished Creatures (collateral kills)
  A hill giant (D)
  A griffon (D)
  A guardian mummy (D)
  A hellwing (D)
  4 blink frogs (D)
  A wasp (D)
  A scorpion (D)
10 creatures vanquished.

Grand Total: 38 creatures vanquished

Notes
Turn   | Place    | Note
--------------------------------------------------------------
     0 | D        | Kidiri the Minotaur Fighter began the quest for the Orb.
     0 | D        | Reached XP level 1. HP: 19/19 MP: 0/0
    16 | D        | Reached skill level 4 in Armour
    50 | D        | Found a sacrificial altar of Ru.
    50 | D        | Found a basalt altar of Yredelemnul.
    50 | D        | Found a shadowy altar of Dithmenos.
    50 | D        | Found a deep blue altar of Sif Muna.
    50 | D        | Found a burning altar of Makhleb.
    50 | D        | Found a shimmering altar of Xom.
    50 | D        | Found an ancient bone altar of Kikubaaqudgha.
    50 | D        | Found a sparkling altar of Nemelex Xobeh.
    51 | D        | Found a glowing golden altar of the Shining One.
    51 | D        | Found a bloodstained altar of Trog.
    51 | D        | Found a shattered altar of Ashenzari.
    51 | D        | Found a white marble altar of Elyvilon.
    51 | D        | Found a snail-covered altar of Cheibriados.
    51 | D        | Found a blossoming altar of Fedhas.
    51 | D        | Found a radiant altar of Vehumet.
    51 | D        | Found a glowing silver altar of Zin.
    51 | D        | Found a corrupted altar of Lugonu.
    51 | D        | Found a viscous altar of Jiyva.
    51 | D        | Found a roughly hewn altar of Beogh.
    51 | D        | Found an iron altar of Okawaru.
    57 | D        | Found a stormy altar of Qazlal.
    58 | D        | Found an opulent altar of Gozag.
    65 | D        | Became a worshipper of Trog the Wrathful
    78 | D        | Acquired Trog's first power
   148 | D        | Reached XP level 2. HP: 27/27 MP: 1/1
   207 | D        | Noticed a brain worm
   292 | D        | Noticed a hound
   296 | D        | Acquired Trog's second power
   296 | D        | Reached skill level 1 in Dodging
   301 | D        | Killed a hound
   301 | D        | Reached skill level 5 in Armour
   301 | D        | Reached skill level 5 in Shields
   301 | D        | Reached XP level 3. HP: 23/34 MP: 2/2
   302 | D        | Lost intelligence.
   307 | D        | Killed a brain worm
   307 | D        | Reached skill level 5 in Fighting
   307 | D        | Reached skill level 5 in Maces & Flails
   307 | D        | Reached skill level 6 in Armour
   307 | D        | Reached XP level 4. HP: 25/42 MP: 3/3
   427 | D        | Noticed Blork the orc
   427 | D        | Noticed a sky beast
   435 | D        | Killed a sky beast
   435 | D        | Reached skill level 7 in Armour
   435 | D        | Reached XP level 5. HP: 39/49 MP: 4/4
   447 | D        | Killed Blork the orc
   447 | D        | Received a gift from Trog
   447 | D        | Reached skill level 8 in Armour
   456 | D        | Acquired Trog's third power
   456 | D        | Reached XP level 6. HP: 57/57 MP: 5/5
   485 | D        | Noticed a hill giant
   500 | D        | Killed a hill giant
   500 | D        | Reached skill level 10 in Maces & Flails
   500 | D        | Reached skill level 10 in Armour
   500 | D        | Reached skill level 10 in Shields
   500 | D        | Reached XP level 7. HP: 13/66 MP: 6/6
   531 | D        | Noticed a flying skull
   531 | D        | Noticed an iron imp
   531 | D        | Noticed an orc warrior
   555 | D        | Killed an orc warrior
   557 | D        | Killed an iron imp
   561 | D        | Killed a flying skull
   561 | D        | Reached skill level 11 in Armour
   561 | D        | Reached XP level 8. HP: 52/74 MP: 7/7
   674 | D        | Noticed a jumping spider
   680 | D        | Killed a jumping spider
   843 | D        | Noticed a guardian mummy
   843 | D        | Noticed a hellwing
   855 | D        | Killed a hellwing
   857 | D        | Killed a guardian mummy
   857 | D        | Reached skill level 12 in Armour
  1096 | D        | Noticed a spriggan
  1098 | D        | Noticed a hill giant
  1099 | D        | Noticed a scorpion
  1100 | D        | Noticed a griffon
  1101 | D        | Killed a spriggan
  1109 | D        | Killed a griffon
  1111 | D        | Killed a hill giant
  1111 | D        | Reached XP level 9. HP: 44/84 MP: 8/8
  1112 | D        | Killed a scorpion
  1122 | D        | Noticed a wasp
  1122 | D        | Noticed a blink frog
  1122 | D        | Noticed a blink frog
  1122 | D        | Noticed a blink frog
  1122 | D        | Noticed a blink frog
  1122 | D        | Noticed a blink frog
  1124 | D        | Killed a wasp
  1125 | D        | Noticed a griffon
  1126 | D        | Killed a blink frog
  1126 | D        | Reached skill level 13 in Armour
  1127 | D        | Killed a blink frog
  1129 | D        | Killed a blink frog
  1129 | D        | Received a gift from Trog
  1134 | D        | Killed a griffon
  1134 | D        | Reached skill level 10 in Fighting
  1136 | D        | Killed a blink frog
  1137 | D        | Killed a blink frog
  1158 | D        | Noticed a polar bear
  1182 | D        | Killed a polar bear
  1194 | D        | Mangled by a shadow wraith

Vault maps used:
D:        pitsprint

Action                   |  1- 3 |  4- 6 |  7- 9 || total
-------------------------+-------+-------+-------++-------
Melee: Mace              |    17 |    39 |    53 ||   109
       Flail             |     2 |       |       ||     2
       Morningstar       |       |       |    12 ||    12
Throw: Javelin           |       |       |    15 ||    15
Invok: Trog's Hand       |       |     2 |     5 ||     7
       Brothers in Arms  |       |       |     3 ||     3
       Berserk           |       |       |     1 ||     1
  Use: Potion            |       |       |     2 ||     2
  Eat: Bread ration      |       |       |     1 ||     1
